 Dungeon Crawl Stone Soup version 0.18-a0-1702-gd20c6a5 (webtiles) character file.

614 vev the Stinger (level 7, -10/49 HPs)
             Began as a Vampire Venom Mage on Apr 7, 2016.
             Was an Initiate of Makhleb.
             Mangled by Menkaure (16 damage)
             ... on level 4 of the Dungeon.
             The game lasted 00:11:11 (5900 turns).

vev the Stinger (Vampire Venom Mage)                Turns: 5900, Time: 00:11:12

Health: -10/49     AC:  5    Str:  9    XL:     7   Next: 20%
Magic:  12/12      EV: 12    Int: 25    God:    Makhleb [......]
Gold:   122        SH:  0    Dex: 14    Spells: 3 memorised, 7 levels left

rFire  + . .     SeeInvis +     r - +0 short sword (vamp)
rCold  + . .     Gourm    .     x - +0 leather armour of the Earth {+Inv rF+ Int+2} (curse)
rNeg   + + .     Faith    .     (no shield)
rPois  +         Spirit   .     i - +1 helmet
rElec  .         Dismiss  .     (no cloak)
rCorr  .         Reflect  .     (no gloves)
SustAt .         Harm     .     (no boots)
MR     .....                    (no amulet)
Stlth  ++........               (no ring)
                                (no ring)

@: brilliant, flying, regenerating slowly, not resistant to hostile
enchantments, unstealthy
A: fangs 3, see invisible, unbreathing
a: Bat Form, Renounce Religion, Evoke Invisibility


You were on level 4 of the Dungeon.
You worshipped Makhleb.
Makhleb was noncommittal.
You were very thirsty.

You visited 2 branches of the dungeon, and saw 5 of its levels.

You collected 122 gold pieces.

Inventory:

Hand Weapons
 d - a +0 short sword
 k - a +0 mace
 m - a +0 spear
 r - a +0 vampiric short sword (weapon)
Armour
 a - a +0 robe
 h - a +0 animal skin
 i - a +1 helmet (worn)
 p - a +0 ring mail
 x - the cursed +0 leather armour of the Earth (worn) {+Inv rF+ Int+2}
   (You found it on level 4 of the Dungeon)

   It affects your intelligence (+2).
   It protects you from fire.
   It lets you turn invisible.
   It has a curse placed upon it.
Wands
 s - a wand of disintegration (1/24)
Scrolls
 e - 2 scrolls of noise {unknown}
 f - 2 scrolls of amnesia {unknown}
 g - 4 scrolls of teleportation {unknown}
 l - 2 scrolls of enchant armour {unknown}
 n - 2 scrolls of enchant weapon {unknown}
 t - a scroll of recharging {unknown}
 u - 4 scrolls of remove curse {unknown}
 v - 2 scrolls of identify {unknown}
Potions
 o - a potion of flight
 q - 7 potions of blood
Books
 b - a Young Poisoner's Handbook

   Spells                             Type                      Level
   a - Sting                          Conjuration/Poison           1
   b - Cure Poison                    Poison                       2
   c - Mephitic Cloud                 Conjuration/Poison/Air       3
   d - Olgreb's Toxic Radiance        Poison                       4
   e - Venom Bolt                     Conjuration/Poison           5


   Skills:
 - Level 1.7 Fighting
 - Level 4.1 Armour
 - Level 2.1 Dodging
 - Level 3.0 Stealth
 - Level 3.7 Spellcasting
 + Level 1.8 Conjurations
 + Level 4.4 Poison Magic


You had 7 spell levels left.
You knew the following spells:

 Your Spells              Type           Power        Failure   Level  Hunger
a - Sting                 Conj/Pois      ####         1%          1    None
b - Cure Poison           Pois           #####.....   1%          2    #......
c - Mephitic Cloud        Conj/Pois/Air  ####....     2%          3    ##.....


Dungeon Overview and Level Annotations

Branches:
Dungeon (4/15)             Temple (1/1) D:4

Altars:
Ashenzari
Elyvilon
Fedhas
Gozag
Makhleb
Nemelex Xobeh
Okawaru
Pakellas
Qazlal
Ru
Sif Muna
Trog
Vehumet
Xom
Yredelemnul
Zin
The Shining One

Annotations:
D:4 Menkaure; incide's ghost, amateur HOCK


Innate Abilities, Weirdness & Mutations

You heal slowly.
You have razor-sharp teeth.
You have supernaturally acute eyesight.
You can survive without breathing.


Message History

Drink which item? (? for menu, Esc to quit)
It was a potion of brilliance.
You feel clever all of a sudden. Menkaure barely misses you.
Drink which item? (? for menu, Esc to quit)
It was a potion of curing.
You feel better.
Menkaure mumbles, "Let me perform the rites..."
Menkaure hits you.
* * * LOW HITPOINT WARNING * * *
Menkaure shouts, "You disturbed my rest!
Die!"
Menkaure casts a spell at you. Pain shoots through your body!
* * * LOW HITPOINT WARNING * * *
Menkaure calls on the powers of darkness!
Your body is wracked with pain!
* * * LOW HITPOINT WARNING * * *
You fail to use your ability.
You fail to use your ability.
Menkaure misses you.
You fail to use your ability.
Menkaure hits you!
You die...

##### #...# #%..####
#..(...# ########
#.).##..?.....#...
###.M.#########.....
#..@..##....##......
##.######........#### #..#
#..(.....# ..#####.#####
###......#
............######...### ##
..#####.###..........#####.
#.# ########......... #.#
#.#.#####. # ### #.#.###...


You could see Menkaure.

Vanquished Creatures
  An ogre (D:4)
  3 scorpions
  2 hounds
  Natasha (thrice) (D:3)
  2 worker ants
  Robin (D:2)
  6 adders
  A howler monkey skeleton (D:4)
  3 oozes
  4 worms
  2 dart slugs
  5 giant geckos
  An orc (D:3)
  11 bats
  3 giant cockroaches
  17 goblins
  9 hobgoblins
  A quokka (D:4)
  2 ball pythons
  A ball python skeleton (D:4)
  4 giant newts
  2 jackal skeletons (D:4)
  13 kobolds
  3 quokka skeletons (D:4)
  4 rats
104 creatures vanquished.

Notes
Turn   | Place    | Note
--------------------------------------------------------------
     0 | D:1      | vev the Vampire Venom Mage began the quest for the Orb.
     0 | D:1      | Reached XP level 1. HP: 13/13 MP: 3/3
   811 | D:1      | Reached XP level 2. HP: 19/19 MP: 1/5
  1258 | D:1      | Reached XP level 3. HP: 24/24 MP: 1/7
  2114 | D:2      | Reached skill level 1 in Fighting
  2179 | D:2      | Noticed Robin
  2209 | D:2      | Killed Robin
  2209 | D:2      | Reached XP level 4. HP: 32/32 MP: 0/9
  2401 | D:2      | Found a glowing silver altar of Zin.
  2401 | D:2      | Found a white marble altar of Elyvilon.
  2417 | D:2      | Found a blossoming altar of Fedhas.
  2998 | D:3      | Reached skill level 1 in Armour
  3288 | D:3      | HP: 1/33 [poisoned by an adder]
  3295 | D:3      | HP: 1/33 [poisoned by an adder]
  3303 | D:3      | HP: 1/33 [poisoned by an adder]
  3489 | D:3      | Found an oddly glowing altar of Pakellas.
  3513 | D:3      | Reached XP level 5. HP: 35/38 MP: 0/10
  3517 | D:3      | Learned a level 2 spell: Cure Poison
  3521 | D:3      | Learned a level 3 spell: Mephitic Cloud
  3803 | D:3      | Noticed Natasha
  3809 | D:3      | Killed Natasha
  4139 | D:3      | Noticed Natasha
  4149 | D:3      | Killed Natasha
  4199 | D:3      | Noticed Natasha
  4207 | D:3      | Killed Natasha
  4364 | D:3      | Reached XP level 6. HP: 34/44 MP: 8/11
  4695 | D:4      | Noticed incide's ghost (amateur HOCK)
  5277 | D:4      | Reached skill level 1 in Conjurations
  5301 | D:4      | Reached XP level 7. HP: 19/49 MP: 0/12
  5428 | D:4      | Found a staircase to the Ecumenical Temple.
  5459 | Temple   | Entered the Ecumenical Temple
  5538 | Temple   | Became a worshipper of Makhleb the Destroyer
  5783 | D:4      | Got a shimmering leather armour
  5794 | D:4      | Identified the cursed +0 leather armour of the Earth {+Inv rF+ Int+2} (You found it on level 4 of the Dungeon)
  5838 | D:4      | Found an opulent altar of Gozag.
  5884 | D:4      | Noticed Menkaure
  5891 | D:4      | HP: 2/49 [Menkaure (11)]
  5900 | D:4      | Mangled by Menkaure

Vault maps used:
D:1:      ncdulo_wetmaze, corexii_hall_statues_u, serial_park_tiny_2,
          minmay_hedge_maze, st_stairs_4
D:2:      gammafunk_temple_overflow_claw, uniq_robin
D:3:      johnstein_pakellas_dig, uniq_natasha
D:4:      nicolae_overflow_hidden_temple, minmay_temple_entry_grid,
          uniq_sigmund, uniq_menkaure, uniq_crazy_yiuf_cottage
Temple:   circular_temple_12

Skill      XL: |  1  2  3  4  5  6 |
---------------+-------------------+-----
Spellcasting   | 3 |  3.7
Fighting       | 1 |  1.7
Armour         | 1 3 4 |  4.1
Conjurations   | 1 |  1.8
Poison Magic   | 4 |  4.4
Dodging        | |  2.1
Stealth        | |  3.0

Action                   |  1- 3 |  4- 6 |  7- 9 || total
-------------------------+-------+-------+-------++-------
Melee: Unarmed           |     9 |       |       ||     9
       Short sword       |    41 |   104 |    31 ||   176
       Mace              |    13 |       |       ||    13
       Spear             |       |     2 |       ||     2
 Cast: Sting             |    70 |   159 |    16 ||   245
       Cure Poison       |       |     2 |       ||     2
  Use: Potion            |     4 |    10 |     4 ||    18
 Stab: Sleeping          |       |     3 |       ||     3
